 Dungeon Crawl Stone Soup version 0.23.2-40-g277498a001 (webtiles) character file.

Game seed: 12556429824863345235

2557 FishyPogo the Fighter (level 9, -6/77 HPs)
             Began as a Demonspawn Chaos Knight on Aug 17, 2019.
             Was a Plaything of Xom.
             Mangled by a cyan ugly thing (13 damage)
             ... on level 8 of the Dungeon.
             The game lasted 00:32:16 (6059 turns).

FishyPogo the Fighter (Demonspawn Chaos Knight)     Turns: 6059, Time: 00:32:19

Health: -6/77      AC: 18    Str: 13    XL:     9   Next: 31%
Magic:  9/9        EV:  7    Int: 13    God:    Xom [...*..]
Gold:   207        SH:  0    Dex:  9    Spells: 8/8 levels left

rFire    . . .     SeeInvis .   l - +6 dagger of Betacefumu {pierce, +Blink MR+ Dex-3}
rCold    + . .     Gourm    .   (no shield)
rNeg     . . .     Faith    .   u - +3 chain mail {MR+}
rPois    +         Spirit   .   (helmet restricted)
rElec    .         Reflect  .   (no cloak)
rCorr    .         Harm     .   m - +0 pair of gloves
MR       ++...                  i - +0 pair of boots
Stlth    ..........             o - amulet of inaccuracy (curse)
HPRegen  0.22/turn              (no ring)
MPRegen  0.11/turn              v - ring of wizardry

@: lethally poisoned (-6 -> -7), berserk cooldown, slowed, very slow
A: horns 1, rugged brown scales 2, clumsy 2, cold resistance 1, demonic guardian
1, poison resistance, wild magic 1
a: Renounce Religion, Evoke Blink


You were on level 8 of the Dungeon.
You worshipped Xom.
You were a favourite toy of Xom.
You were very hungry.

You visited 1 branch of the dungeon, and saw 8 of its levels.

You collected 233 gold pieces.
You spent 26 gold pieces at shops.

Inventory:

Hand Weapons
 a - a +1 falchion of chaos
 l - the +6 dagger of Betacefumu (weapon) {pierce, +Blink MR+ Dex-3}
   (You found it on level 7 of the Dungeon)

   It inflicts extra damage upon your enemies.
   It affects your dexterity (-3).
   It affects your resistance to hostile enchantments.
   It lets you blink.
Missiles
 h - 146 stones (quivered)
 q - 7 tomahawks
Armour
 i - a +0 pair of boots (worn)
 m - a +0 pair of gloves (worn)
 u - a +3 chain mail of magic resistance (worn)
 y - the +1 robe of Darkness {rF++ Str-3}
   (You found it on level 4 of the Dungeon)

   It affects your strength (-3).
   It greatly protects you from fire.
 C - +0 ice dragon scales
Jewellery
 o - a cursed amulet of inaccuracy (around neck)
 v - a ring of wizardry (right hand)
 w - an uncursed amulet of guardian spirit
Wands
 f - a wand of paralysis (14)
 p - a wand of disintegration (15)
 E - a wand of iceblast (12)
Scrolls
 b - a scroll of blinking {unknown}
 d - 14 scrolls of identify
 e - a scroll of magic mapping {unknown}
 g - 4 scrolls of teleportation {unknown}
 k - 2 scrolls of enchant weapon
 n - 3 scrolls of enchant armour
 s - a scroll of noise {unknown}
 z - a scroll of random uselessness {unknown}
 A - a scroll of remove curse
 D - a scroll of vulnerability {unknown}
 F - a scroll of silence {unknown}
 H - a scroll of torment {unknown}
Potions
 j - 2 potions of heal wounds
 B - a potion of flight {unknown}
Comestibles
 c - 14 rations
 G - a chunk of flesh


   Skills:
 * Level 8.1 Fighting
 * Level 2.4(3.6) Short Blades
 - Level 4.0(4.3) Long Blades
 + Level 3.6 Throwing
 * Level 6.8 Armour
 - Level 3.0 Dodging
 - Level 1.3 Stealth


You had 8 spell levels left.
You didn't know any spells.
Your spell library was empty.

Dungeon Overview and Level Annotations

Branches:
Dungeon (8/15)             Temple (0/1) D:7
   Lair: D:8-11

Altars:
Ashenzari
Cheibriados
Gozag
Nemelex Xobeh
Sif Muna
Xom
Yredelemnul

Shops:
D:4 ?   D:5 [

Annotations:
D:8 Harold


Innate Abilities, Weirdness & Mutations

You are mostly covered in rugged brown scales. (AC +2, +5% HP)
Your flesh is cold resistant. (rC+)
A weak demonic guardian rushes to your aid.
You have a pair of small horns on your head.
You are very clumsy. (Dex -4)
Your system is resistant to poisons. (rPois)
Your spells are a little harder to cast, but a little more powerful.


Message History

The cyan ugly thing bites you but does no damage.
You miss the cyan ugly thing.
The cyan ugly thing is heavily wounded.
You are no longer berserk.
You are exhausted.
You feel yourself slow down.
You puncture the cyan ugly thing!
You headbutt the cyan ugly thing, but do no damage.
The cyan ugly thing is severely wounded.
An orc warrior comes into view.
It is wielding a +1 short sword of venom.
The cyan ugly thing bites you but does no damage.
You miss the cyan ugly thing.
The cyan ugly thing is severely wounded.
You feel sick. "Hum-dee-hum-dee-hum..."
The bullfrog is moving more slowly.
The cyan ugly thing bites you.
* * * LOW HITPOINT WARNING * * *
The cyan ugly thing shocks you!
You die...
Xom bursts into laughter! #...# ..# .... . ..# #..## # .# ..# #... #.. ### ##.#?
F.#..o. ... #.... aY.....

... ...##usz##### ...
#ยง#@####...#### ...
#.5##.........###...
#.......###.........
..>...#########....#....
###..# ###.(.......## ..
##..#####.........###
##..#######...#............##
#..#.....## #...............#
#.........##
#..............##


You could see a cyan ugly thing, an orc warrior, an ice beast, a bullfrog
(petrifying), a worker ant, a wight, a giant cockroach and a friendly quasit.

Vanquished Creatures
  A hippogriff (D:8)
  A hungry ghost (D:8)
  An ice beast (D:5)
  2 sky beasts
  4 orc warriors
  2 ogres
  2 bullfrogs
  A scorpion (D:6)
  2 wights (D:6)
  A howler monkey (D:6)
  2 hounds
  A centaur skeleton (D:8)
  A bullfrog skeleton (D:8)
  An orc priest (D:6)
  9 orc wizards
  2 iguanas
  5 worker ants
  9 gnolls
  13 adders
  A shadow imp (D:6)
  3 oozes
  An adder skeleton (D:5)
  4 dart slugs
  5 leopard geckos
  22 orcs
  7 giant cockroaches
  8 goblins
  7 hobgoblins
  9 kobolds
  4 quokkas
  5 ball pythons (D:3)
  10 bats
  9 frilled lizards
  A jackal skeleton (D:7)
  A leopard gecko skeleton (D:7)
  A quokka skeleton (D:7)
  3 rats
  A spectral orc (D:2)
162 creatures vanquished.

Vanquished Creatures (collateral kills)
  A black bear (D:4)
  A big kobold (D:8)
  A bullfrog (D:4)
  A scorpion (D:4)
  A wight (D:6)
  A hound (D:4)
  An orc priest (D:4)
  Ijyb (D:3)
  An iguana (D:4)
  A worker ant (D:4)
  2 orc wizards
  A gnoll (D:4)
  2 adders
  An adder skeleton (D:4)
  A dart slug (D:3)
  6 orcs
  2 kobolds (D:8)
25 creatures vanquished.

Grand Total: 187 creatures vanquished

Notes
Turn   | Place    | Note
-------+----------+-------------------------------------------
     0 | D:1      | FishyPogo the Demonspawn Chaos Knight began the quest for
                  | the Orb.
     0 | D:1      | Reached XP level 1. HP: 18/18 MP: 1/1
   140 | D:1      | Gained mutation: A weak demonic guardian rushes to your
                  | aid. [demonic ancestry]
   140 | D:1      | Reached XP level 2. HP: 3/24 MP: 2/2
   480 | D:1      | XOM: potion effect (might)
   533 | D:1      | XOM: cleaving
   538 | D:1      | Reached skill level 1 in Dodging
   618 | D:1      | XOM: god gift: scroll labeled VAESEU FOTE {god gift}
   634 | D:1      | Reached XP level 3. HP: 27/29 MP: 3/3
   927 | D:2      | XOM: enchant monster (good)
   931 | D:2      | XOM: divination: detect items
   945 | D:2      | XOM: 8-stop teleportation journey
   970 | D:2      | XOM: give mutations
   970 | D:2      | Gained mutation: You are agile. (Dex +2) [Xom's grace]
   970 | D:2      | Gained mutation: Your muscles are strong. (Str +2) [Xom's
                  | grace]
   989 | D:2      | Found a deep blue altar of Sif Muna.
   997 | D:2      | XOM: give mutation
   997 | D:2      | Gained mutation: You are resistant to hostile enchantments.
                  | (MR+) [Xom's grace]
  1059 | D:2      | Found an opulent altar of Gozag.
  1135 | D:2      | Gained mutation: You are partially covered in rugged brown
                  | scales. (AC +1, +3% HP) [demonic ancestry]
  1135 | D:2      | Reached XP level 4. HP: 24/36 MP: 4/4
  1364 | D:2      | XOM: scenery: create altars
  1490 | D:2      | Found a basalt altar of Yredelemnul.
  1680 | D:3      | Reached skill level 1 in Stealth
  1731 | D:3      | Reached XP level 5. HP: 27/43 MP: 5/5
  1819 | D:3      | Found a faded altar of an unknown god.
  2097 | D:3      | Reached skill level 4 in Fighting
  2254 | D:3      | XOM: harmless Fire miscast
  2282 | D:3      | Noticed Ijyb
  2301 | D:3      | Killed Ijyb
  2463 | D:3      | Reached XP level 6. HP: 50/50 MP: 6/6
  2463 | D:3      | XOM: polymorph quasit -> iron imp
  2759 | D:4      | XOM: scenery: create altars
  2768 | D:4      | Found Uhilimi's Magic Scroll Boutique.
  2776 | D:4      | Bought a scroll of identify for 26 gold pieces
  2826 | D:4      | XOM: summons friendly shadow imp
  2827 | D:4      | Reached skill level 5 in Fighting
  2904 | D:4      | Gained mutation: Your flesh is cold resistant. (rC+)
                  | [demonic ancestry]
  2904 | D:4      | Reached XP level 7. HP: 53/57 MP: 7/7
  3023 | D:4      | XOM: scenery: create altars
  3164 | D:4      | Got an ichor-stained robe
  3175 | D:4      | Identified the +1 robe of Darkness {rF++ Str-3} (You found
                  | it on level 4 of the Dungeon)
  3255 | D:4      | XOM: god gift: 11 stones
  3534 | D:5      | Entered Level 5 of the Dungeon
  3571 | D:5      | Found a sparkling altar of Nemelex Xobeh.
  3619 | D:5      | Reached skill level 1 in Throwing
  3671 | D:5      | XOM: mild Necr miscast
  3678 | D:5      | Found Qank's Antique Armour Boutique.
  3817 | D:5      | XOM: silly message
  3902 | D:5      | Reached skill level 6 in Fighting
  3927 | D:5      | XOM: cleaving
  4081 | D:5      | XOM: give mutations
  4081 | D:5      | Gained mutation: You have large cloven feet. [Xom's grace]
  4081 | D:5      | Gained mutation: You have a pair of small horns on your
                  | head. [Xom's grace]
  4081 | D:5      | Gained mutation: Your system is resistant to poisons.
                  | (rPois) [Xom's grace]
  4081 | D:5      | Gained mutation: Your spells are a little harder to cast,
                  | but a little more powerful. [Xom's grace]
  4143 | D:6      | Lost mutation: You have large cloven feet. [potion of
                  | mutation]
  4143 | D:6      | Lost mutation: You are resistant to hostile enchantments.
                  | (MR+) [potion of mutation]
  4143 | D:6      | Lost mutation: You have a pair of small horns on your head.
                  | [potion of mutation]
  4143 | D:6      | Gained mutation: Your magical capacity is low. (-10% MP)
                  | [potion of mutation]
  4143 | D:6      | Gained mutation: You are dopey. (Int -2) [potion of
                  | mutation]
  4143 | D:6      | Gained mutation: You are robust. (+10% HP) [potion of
                  | mutation]
  4144 | D:6      | Reached XP level 8. HP: 40/72 MP: 4/7
  4146 | D:6      | Reached skill level 5 in Armour
  4147 | D:6      | XOM: cast spell 'Death Channel'
  4206 | D:6      | Found a shattered altar of Ashenzari.
  4209 | D:6      | XOM: torment (20/73 hp)
  4212 | D:6      | XOM: confuse monster(s)
  4233 | D:6      | Lost mutation: You are agile. (Dex +2) [potion of mutation]
  4233 | D:6      | Lost mutation: You are dopey. (Int -2) [potion of mutation]
  4233 | D:6      | Lost mutation: You are robust. (+10% HP) [potion of
                  | mutation]
  4233 | D:6      | Gained mutation: You have a pair of small horns on your
                  | head. [potion of mutation]
  4233 | D:6      | Gained mutation: You are dopey. (Int -2) [potion of
                  | mutation]
  4233 | D:6      | Gained mutation: You expend magic power (3 MP) to
                  | strengthen your wands. [potion of mutation]
  4233 | D:6      | Gained mutation: You are agile. (Dex +2) [potion of
                  | mutation]
  4234 | D:6      | Lost mutation: Your muscles are strong. (Str +2) [potion of
                  | mutation]
  4234 | D:6      | Lost mutation: You are agile. (Dex +2) [potion of mutation]
  4234 | D:6      | Lost mutation: You expend magic power (3 MP) to strengthen
                  | your wands. [potion of mutation]
  4234 | D:6      | Lost mutation: Your magical capacity is low. (-10% MP)
                  | [potion of mutation]
  4234 | D:6      | Gained mutation: You are clumsy. (Dex -2) [potion of
                  | mutation]
  4234 | D:6      | Gained mutation: You are very clumsy. (Dex -4) [potion of
                  | mutation]
  4234 | D:6      | Lost mutation: You are dopey. (Int -2) [potion of mutation]
  4337 | D:6      | XOM: noise
  4353 | D:6      | Found a shimmering altar of Xom.
  4355 | D:6      | Found a shimmering altar of Xom.
  4355 | D:6      | Found a shimmering altar of Xom.
  4357 | D:6      | Found a shimmering altar of Xom.
  4359 | D:6      | Found a shimmering altar of Xom.
  4359 | D:6      | Found a shimmering altar of Xom.
  4361 | D:6      | Found a shimmering altar of Xom.
  4598 | D:6      | XOM: potion effect (might)
  4602 | D:6      | XOM: harmless Tloc miscast
  4612 | D:6      | Reached skill level 7 in Fighting
  4741 | D:6      | XOM: noise
  4747 | D:6      | XOM: mild Erth miscast
  5317 | D:7      | Got a crude dagger
  5318 | D:7      | Identified the +6 dagger of Betacefumu {pierce, +Blink MR+
                  | Dex-3} (You found it on level 7 of the Dungeon)
  5323 | D:7      | XOM: scenery: 1 doors open
  5364 | D:7      | Found a snail-covered altar of Cheibriados.
  5392 | D:7      | Found a staircase to the Ecumenical Temple.
  5607 | D:7      | XOM: mild Hex miscast
  5633 | D:7      | XOM: butterfly on damage
  5738 | D:7      | XOM: divination: magic mapping
  5861 | D:8      | Noticed Harold
  5928 | D:8      | Reached skill level 1 in Short Blades
  5928 | D:8      | Gained mutation: You are mostly covered in rugged brown
                  | scales. (AC +2, +5% HP) [demonic ancestry]
  5928 | D:8      | Reached XP level 9. HP: 65/75 MP: 9/9
  6005 | D:8      | Noticed a green ugly thing
  6009 | D:8      | XOM: harmless Hex miscast
  6014 | D:8      | XOM: potion effect (invisibility)
  6015 | D:8      | XOM: summons friendly iron imp
  6043 | D:8      | XOM: summons friendly iron imp
  6046 | D:8      | Reached skill level 8 in Fighting
  6050 | D:8      | XOM: polymorph green ugly thing -> cyan ugly thing
  6059 | D:8      | XOM: enchant monster (good)
  6059 | D:8      | Mangled by a cyan ugly thing

Skill      XL: |  1  2  3  4  5  6  7  8  9 |
---------------+----------------------------+-----
Armour         | 2 3 4 6 |  6.8
Long Blades    | 3 4 |  4.0
Dodging        | 1 2 3 |  3.0
Stealth        | 1 |  1.3
Fighting       | 4 5 6 7 8 |  8.1
Throwing       | 1 3 |  3.6
Short Blades   | 1 2 |  2.4

Action                   |  1- 3 |  4- 6 |  7- 9 || total
-------------------------+-------+-------+-------++-------
Melee: Falchion          |    96 |   183 |   215 ||   494
       Headbutt          |       |       |    28 ||    28
       Dagger            |       |       |   109 ||   109
Throw: Stone             |     1 |    22 |    18 ||    41
  Use: Scroll            |     1 |     4 |     1 ||     6
       Potion            |       |     1 |     9 ||    10
 Stab: Confused          |     2 |       |       ||     2
       Sleeping          |     2 |     2 |       ||     4
       Paralysed         |       |     4 |       ||     4
       Distracted        |       |     1 |     3 ||     4
       Petrifying        |       |     1 |       ||     1
       Invisible         |       |       |     4 ||     4
  Eat: Chunk             |     1 |     6 |    10 ||    17
Armor: Leather armour    |    45 |    22 |       ||    67
       Chain mail        |       |    84 |   177 ||   261
       Skin              |       |    25 |     1 ||    26
Dodge: Dodged            |    58 |    80 |   114 ||   252
       Rpst.: Falchion   |    23 |    23 |    24 ||    70
